 Dungeon Crawl Stone Soup version 0.18.1-5-g4a78601 (webtiles) character file.

217 M4edhros the Sneak (level 5, -9/33 HPs)
             Began as an Octopode Artificer on May 13, 2016.
             Mangled by Edmund
             ... wielding a +5 flail of crushing
              (11 damage)
             ... on level 4 of the Dungeon.
             The game lasted 00:03:28 (2738 turns).

M4edhros the Sneak (Octopode Artificer)             Turns: 2738, Time: 00:03:29

Health: -9/33      AC:  1    Str: 10    XL:     5   Next: 94%
Magic:  16/16      EV: 12    Int: 14    God:
Gold:   166        SH:  0    Dex: 14    Spells: 0 memorised, 4 levels left

rFire  + . .     SeeInvis .     l - +2 hunting sling (curse)
rCold  x . .     Gourm    .     (no shield)
rNeg   . . .     Faith    .     (helmet restricted)
rPois  .         Spirit   .     (no amulet)
rElec  .         Dismiss  .     n - ring of fire
rCorr  .         Reflect  .     t - ring of magical power
SustAt .         Harm     .     (no ring)
MR     .....                    (no ring)
Stlth  +++++.....               (no ring)
                                (no ring)
                                (no ring)
                                (no ring)

@: not resistant to hostile enchantments, quite stealthy
A: almost no armour, amphibious, 8 rings, constrict 8, camouflage 1, gelatinous
body 1
a: no special abilities


You were on level 4 of the Dungeon.
You were hungry.

You visited 1 branch of the dungeon, and saw 4 of its levels.

You collected 166 gold pieces.

Inventory:

Hand Weapons
 a - a +0 short sword
 l - a cursed +2 hunting sling (weapon)
Missiles
 k - 90 stones (quivered)
 m - 12 sling bullets
Jewellery
 n - a ring of fire (left tentacle)
 t - a ring of magical power (right tentacle)
Wands
 b - a wand of flame (0/48)
 c - a wand of enslavement (14/24)
 d - a wand of random effects (4/48)
Scrolls
 o - a scroll of blinking
 q - a scroll of teleportation
 s - a scroll of fog
Potions
 g - a potion of might {unknown}
 h - a potion of berserk rage {unknown}
 i - 2 potions of flight
 j - a potion of cure mutation {unknown}
 p - a potion of magic {unknown}
Books
 r - a book of Flames

   Spells                             Type                      Level
   a - Flame Tongue                   Conjuration/Fire             1
   b - Throw Flame                    Conjuration/Fire             2
   c - Conjure Flame                  Conjuration/Fire             3
   d - Inner Flame                    Hexes/Fire                   3
   e - Sticky Flame                   Conjuration/Fire             4
   f - Fireball                       Conjuration/Fire             5
Comestibles
 f - a bread ration


   Skills:
 - Level 1.0 Fighting
 - Level 1.0 Short Blades
 + Level 3.2 Slings
 - Level 2.0 Dodging
 + Level 6.3 Stealth
 - Level 3.2 Evocations


You had 4 spell levels left.
You didn't know any spells.

Dungeon Overview and Level Annotations

Branches:
Dungeon (4/15)
 Temple: D:4-7

Altars:

Annotations:
D:4 Edmund


Innate Abilities, Weirdness & Mutations

You cannot wear most types of armour.
You are amphibious.
You can wear up to eight rings at the same time.
You can use your tentacles to constrict eight enemies at once.
Your skin changes colour to match your surroundings (Stealth).
Your rubbery body absorbs attacks (AC +1).


Message History

Evoke which item? (* to show all) (? for menu, Esc to quit)
Zapping:
b - a wand of flame (2/48)
Press: ? - help, Shift-Dir - straight line, f/p - Edmund
Aim: Edmund, wielding a flail of crushing and wearing a shiny scale mail (almost dead, constricted by you, lightly drained)
The puff of flame hits Edmund.
Edmund appears unharmed.
Edmund is almost dead.
This wand has 1 charge left.
You constrict Edmund, but do no damage.
Drink which item? (? for menu, Esc to quit)
You feel better.
You constrict Edmund.
Edmund hits you with a flail of crushing!
* * * LOW HITPOINT WARNING * * *
x2 Evoke which item? (* to show all) (? for menu, Esc to quit)
Zapping:
b - a wand of flame (1/48)
Press: ? - help, Shift-Dir - straight line, f/p - Edmund
Aim: Edmund, wielding a flail of crushing and wearing a shiny scale mail (almost dead, constricted by you, lightly drained)
The puff of flame hits Edmund.
Edmund appears unharmed.
Edmund is almost dead.
This wand has 0 charges left.
You constrict Edmund.
Edmund hits you with a flail of crushing!
You die...

#. .# ##.# .(.
..## #. ######
..####...
##....##
#@....#
#......## #@..#
#..###..##
#...# ..##
##..## ##..#
..## ##..##
##(## ####
...## ##..##
##.## ##..##
..[.### ##..##
##.## ##....##
......## ##..#
##.####......#
.......## #..##
##..#...###..
.....>..####..#
#.....## ##.


You could see Edmund.

Vanquished Creatures
  An ogre (D:4)
  An orc wizard (D:4)
  A worker ant (D:4)
  2 adders
  An ooze (D:4)
  A dart slug (D:2)
  2 giant geckos
  6 orcs (D:4)
  3 bats (D:2)
  2 giant cockroaches
  4 goblins
  6 hobgoblins
  4 jackals
  3 quokkas
  A giant gecko skeleton (D:4)
  2 giant newts
  5 kobolds (D:2)
  2 rats
47 creatures vanquished.

Vanquished Creatures (collateral kills)
  2 orcs (D:4)
2 creatures vanquished.

Grand Total: 49 creatures vanquished

Notes
Turn   | Place    | Note
--------------------------------------------------------------
     0 | D:1      | M4edhros the Octopode Artificer began the quest for the Orb.
     0 | D:1      | Reached XP level 1. HP: 13/13 MP: 3/3
    20 | D:1      | Reached skill level 2 in Stealth
    29 | D:1      | Reached skill level 3 in Stealth
    29 | D:1      | Reached XP level 2. HP: 7/18 MP: 4/4
   511 | D:2      | Reached skill level 4 in Stealth
   607 | D:2      | Reached XP level 3. HP: 13/23 MP: 5/5
  1420 | D:2      | Reached skill level 1 in Slings
  1722 | D:2      | Reached XP level 4. HP: 28/28 MP: 6/6
  2157 | D:4      | Reached skill level 5 in Stealth
  2304 | D:4      | Noticed an ogre
  2348 | D:4      | Killed an ogre
  2348 | D:4      | Reached skill level 6 in Stealth
  2348 | D:4      | Reached XP level 5. HP: 33/33 MP: 7/7
  2390 | D:4      | Noticed Edmund
  2738 | D:4      | Mangled by Edmund

Skill      XL: |  1  2  3  4  5 |
---------------+----------------+-----
Stealth        | 3 4 6 |  6.3
Slings         | 1 2 3 |  3.2
Fighting       | |  1.0
Short Blades   | |  1.0
Dodging        | |  2.0
Evocations     | |  3.2

Action                   |  1- 3 |  4- 6 || total
-------------------------+-------+-------++-------
Melee: Short sword       |    37 |       ||    37
       Constrict         |    18 |     2 ||    20
       Tentacles         |     7 |     1 ||     8
       Hunting sling     |    14 |     9 ||    23
 Fire: Hunting sling     |    39 |    56 ||    95
Evoke: Wand              |       |    27 ||    27
  Use: Scroll            |     6 |     4 ||    10
       Potion            |       |     3 ||     3
 Stab: Sleeping          |     3 |       ||     3
       Paralysed         |       |     7 ||     7
  Eat: Royal jelly       |     1 |       ||     1
       Chunk             |       |     3 ||     3
Armor: Skin              |    15 |       ||    15
Dodge: Dodged            |    45 |    16 ||    61
